Map: Dusty Gorge

Players

lexarom

  • Race: Terran Terran
  • Spawn Location: 5:00

BakerMan

  • Race: Zerg Zerg
  • Spawn Location: 3:00

MonstroTown - Winner!

  • Race: Terran Terran
  • Spawn Location: 11:00

Michael - Winner!

  • Race: Zerg Zerg
  • League: Gold
  • Spawn Location: 9:00

VOD

Have the link to the VOD?

Description

Time

  • Played on: Sept. 13, 2018, 7:19 p.m.
  • Length: 21:12
Show
View Real Time Build Order
Export as new Build Order

lexarom Terran 

Build Orders: MMM Bio 

Get SALT Encoding   

  12  0:01  SCV  
  13  0:17  SCV  
  14  0:25  Refinery  
  14  0:27  Supply Depot  
  14  0:29  SCV  
  15  0:49  SCV  
  16  0:50  Barracks  
  16  1:01  SCV  
  17  1:06  Refinery  
  17  1:13  Barracks  
  17  1:18  SCV  
  18  1:30  SCV  
  19  1:38  Reaper  
  20  1:42  Orbital Command  
  20  1:49  Supply Depot  
  20  2:02  Reaper  
  20  2:08  SCV  
  22  2:17  Reaper  
  23  2:23  SCV  
  24  2:32  Command Center  
  24  2:39  SCV  
  26  2:54  Barracks  
  26  2:57  Barracks  
  26  3:06  Barracks Tech Lab  
  25  3:30  SCV  
  25  3:32  Barracks Reactor  
  26  3:42  SCV  
  26  3:45  Orbital Command  
  24  3:52  Barracks Reactor x2  
  24  3:54  Stimpack  
  24  3:55  Marauder  
  26  4:08  Marine x2  
  28  4:15  SCV x2  
  30  4:21  Marauder  
  32  4:25  Engineering Bay  
  32  4:26  Engineering Bay  
  32  4:29  Bunker, Factory  
  32  4:31  Supply Depot  
  32  4:32  Supply Depot, Marine x2  
  32  4:33  Marine  
  35  4:43  SCV x2  
  35  4:44  Marauder, Marine  
  40  4:46  Marine  
  40  4:48  Marine  
  42  4:55  SCV x2  
  42  4:58  Terran Infantry Weapons Level 1  
  44  5:00  Terran Infantry Armor Level 1  
  44  5:06  Marine  
  44  5:07  Marine x2  
  45  5:08  Marine  
  45  5:09  Marine  
  45  5:11  Marine  
  50  5:16  Marauder  
  50  5:20  Armory  
  53  5:28  SCV x2  
  54  5:39  Marauder, Marine x2  
  54  5:40  SCV x2  
  54  5:41  Marine  
  61  5:43  Factory Tech Lab  
  61  5:54  Combat Shield  
  61  5:55  SCV  
  62  5:58  Missile Turret  
  62  6:07  Missile Turret  
  62  6:10  Supply Depot  
  62  6:12  Supply Depot  
  62  6:25  Marauder, SCV x2, Marine x4  
  70  6:26  Terran Vehicle Weapons Level 1  
  70  6:27  Siege Tank, Marine x2  
  75  6:35  Starport  
  75  6:43  Supply Depot  
  75  6:44  Supply Depot, SCV  
  75  6:45  SCV  
  79  6:54  Marauder  
  79  6:56  Marine  
  79  6:57  SCV, Marine x2  
  75  7:21  Starport Reactor  
  73  7:29  Marauder, Marine x6  
  81  7:37  Terran Infantry Weapons Level 2  
  81  7:47  Marine x6  
  81  7:50  Marauder  
  89  7:52  Refinery  
  89  7:53  Refinery  
  89  8:00  SCV  
  89  8:01  SCV  
  89  8:04  Marine, Medivac  
  89  8:05  Marine x3  
  97  8:09  Medivac  
  99  8:29  Missile Turret  
  99  8:30  Command Center  
  99  8:34  Medivac  
  99  8:39  Medivac  
  103  9:01  Siege Tank  
  106  9:04  Medivac  
  106  9:05  Missile Turret  
  106  9:08  Marine x2  
  110  9:16  Supply Depot  
  110  9:17  Supply Depot  
  110  9:18  Terran Infantry Armor Level 2  
  110  9:19  Supply Depot  
  110  9:22  Marine x4  
  110  9:23  Marauder, Medivac  
  118  9:34  Marine  
  118  9:35  Marine  
  123  9:38  Siege Tank  
  123  9:40  Marine x3  
  126  9:46  SCV x2  
  126  9:52  Missile Turret  
  128  9:57  Supply Depot  
  128  9:58  SCV x2  
  130  10:00  Ghost Academy  
  130  10:02  SCV  
  130  10:03  Terran Vehicle Weapons Level 2  
  131  10:10  SCV x2  
  133  10:14  Orbital Command  
  133  10:18  Siege Tank  
  136  10:22  SCV x2  
  136  10:26  Terran Infantry Weapons Level 3  
  138  10:37  Marine x7  
  125  10:55  Marine x2  
  117  11:02  Marine x5  
  112  11:13  Marine x2  
  112  11:14  Personal Cloaking  
  114  11:19  Marine  
  114  11:20  Marine  
  114  11:21  Marine x3  
  114  11:24  Concussive Shells  
  119  11:27  Siege Tank  
  119  11:29  Medivac x2  
  119  11:30  Marine  
  127  11:39  Marauder  
  129  11:45  Marine x2  
  129  11:46  Marine x2  
  119  11:52  Marine x2  
  121  12:00  Marine  
  112  12:03  Marine x2  
  112  12:06  Marine x2  
  93  12:10  Marine x2  
  93  12:17  Siege Tank  
  93  12:18  Marine  
  93  12:21  Marine x2  
  99  12:23  Marine  
  99  12:24  Marine  
  99  12:27  Marine  
  99  12:28  Marine  
  103  12:36  Marine  
  104  12:39  Marine  
  104  12:43  Marine x3  
  78  12:52  Marine  
  74  13:00  Marine x3  
  74  13:01  Marine  
  73  13:08  Marine  
  73  13:11  Marine  
  73  13:12  Marine  
  72  13:18  Terran Infantry Armor Level 3, Marine  
  73  13:26  Marine  
  74  13:29  Marine  
  74  13:30  Marine  
  66  13:36  Marine  
  45  13:41  Siege Tank  
  45  13:43  Marine  
  45  13:47  Marine  
  45  13:48  Marine  
  35  13:54  Marine  
  31  14:01  Marine  
  25  14:05  Marine  
  25  14:08  Medivac x2  
  30  14:12  Marine  
  30  14:19  Marine  
  30  14:23  Marine  
  32  14:29  Marine  
  32  14:37  Marine  
  27  14:41  Marine  
  27  14:42  Command Center  
  27  14:47  Marine  
  28  14:54  Barracks  
  28  14:55  Barracks x2, Marine  
  28  14:56  Barracks  
  28  14:57  Barracks  
  28  14:59  Marine  
  30  15:01  Siege Tank  
  30  15:05  Marine  
  34  15:12  Marine  
  35  15:17  Marine  
  36  15:23  Marauder  
  36  15:24  Medivac  
  36  15:25  Medivac  
  42  15:30  Marine  
  42  15:35  Marine  
  40  15:44  Marine  
  34  15:53  Marine  
  34  15:54  Marine, Medivac x2  
  35  16:01  Refinery  
  35  16:02  Refinery, Marine  
  36  16:13  Barracks Reactor  
  36  16:14  Barracks Reactor, Command Center  
  36  16:20  Marine  
  38  16:32  SCV  
  38  16:37  Orbital Command  
  38  16:38  Marine  
  39  16:43  Siege Tank  
  39  16:45  SCV  
  43  16:50  Marine x5  
  48  16:56  Marine  
  48  16:57  SCV  
  48  17:09  SCV  
  48  17:13  Marine  
  47  17:21  SCV  
  44  17:27  Marine  
  44  17:28  Marine x5  
  44  17:31  Marine  
  39  17:41  Orbital Command  
  36  17:45  Marine x2  
  36  17:46  Marine x4  
  36  17:49  Marine  
  42  18:00  Siege Tank  
  42  18:01  Medivac x2  
  42  18:03  Marine x6  
  42  18:04  SCV  
  56  18:07  Marine  
  53  18:16  SCV  
  50  18:21  Marine x4  
  50  18:25  Barracks Reactor x2, Marine  
  55  18:28  SCV  
  56  18:40  SCV  
  57  18:43  Marine x5  
  62  18:50  Medivac  
  64  18:58  Medivac  
  64  19:01  Marine x5  
  71  19:03  Marine x3  
  58  19:19  Marine  
  57  19:29  Marine x5  
  57  19:40  Marine x2  
  59  19:46  Marine  
  55  20:14  SCV x2  
  55  20:26  SCV x2  
  57  20:31  Marine x4  
  61  20:36  Siege Tank  
  64  20:43  Marine x2  
Show
View Real Time Build Order
Export as new Build Order

BakerMan Zerg 

Build Orders: Hatch First 

Get SALT Encoding   

  12  0:01  Drone  
  13  0:13  Overlord  
  13  0:19  Drone  
  14  0:31  Drone x2  
  16  0:36  Drone  
  17  0:58  Hatchery, Drone  
  17  1:03  Drone  
  18  1:07  Extractor  
  17  1:20  Spawning Pool  
  17  1:23  Drone  
  17  1:28  Overlord  
  17  1:33  Drone  
  18  2:06  Queen  
  20  2:10  Metabolic Boost  
  20  2:12  Queen  
  22  2:23  Zergling x10  
  25  2:53  Overlord  
  25  3:04  Drone x2  
  25  3:05  Drone x3  
  30  3:14  Queen  
  32  3:27  Zergling x12  
  32  3:28  Zergling x4  
  40  3:37  Overlord  
  40  3:49  Zergling x6  
  42  4:17  Zergling x12  
  39  4:45  Zergling x10  
  40  5:01  Drone x3  
  40  5:02  Drone x5  
  48  5:11  Lair  
  48  5:14  Extractor  
  48  5:16  Drone x2  
  49  5:25  Extractor  
  49  5:27  Extractor  
  47  5:29  Zergling x2  
  47  5:30  Zergling x4  
  50  5:37  Hatchery  
  50  5:40  Zergling x2  
  50  5:41  Zergling x2  
  50  5:42  Overlord x2  
  51  5:43  Overlord  
  51  6:03  Hatchery  
  49  6:10  Drone x2  
  51  6:25  Drone x5  
  54  6:26  Drone  
  54  6:28  Drone x2  
  54  6:29  Drone  
  58  6:58  Spire  
  49  7:05  Zergling x22  
  54  7:15  Spore Crawler  
  54  7:20  Spore Crawler  
  52  7:35  Queen  
  54  7:43  Drone  
  54  7:44  Drone x7  
  57  7:45  Drone x4  
  66  8:11  Spore Crawler  
  65  8:14  Mutalisk  
  65  8:15  Mutalisk x7  
  65  8:19  Overlord  
  81  8:20  Overlord x3  
  81  8:29  Drone  
  82  8:54  Drone  
  82  8:55  Drone x7  
  89  8:56  Drone x3  
  93  9:07  Spore Crawler  
  93  9:09  Overlord  
  92  9:10  Overlord x2  
  92  9:20  Extractor  
  92  9:21  Extractor  
  90  9:25  Mutalisk x5  
  90  9:26  Mutalisk  
  102  9:36  Drone x3  
  102  9:37  Drone  
  102  9:38  Drone x2  
  108  9:39  Mutalisk x3  
  106  10:47  Mutalisk  
  106  10:48  Mutalisk x13  
  128  11:05  Baneling Nest  
  128  11:08  Overlord x5  
  128  11:09  Overlord x2  
  127  11:34  Hatchery  
  127  11:35  Extractor  
  127  11:39  Extractor  
  124  11:48  Baneling x11  
  124  11:49  Baneling x10  
  124  11:50  Centrifical Hooks  
  95  12:12  Zergling x10  
  95  12:13  Zergling x32  
  64  12:33  Baneling  
  64  12:34  Baneling x8  
  60  12:37  Baneling x3  
  60  12:38  Baneling x12  
  60  12:42  Baneling  
  60  12:43  Baneling x9  
  42  13:07  Zergling x24  
  51  13:18  Queen  
  34  13:39  Zergling x10  
  39  13:42  Baneling  
  39  13:43  Baneling x10  
  39  13:56  Zergling x8  
  43  14:07  Baneling  
  43  14:08  Baneling x9  
  38  14:25  Drone x7  
  38  14:26  Drone  
  46  14:39  Zergling x2  
  46  14:40  Zergling x10  
  46  14:42  Baneling  
  46  14:43  Baneling x7  
  52  15:01  Baneling  
  52  15:02  Baneling x11  
  33  15:52  Mutalisk  
  33  15:53  Mutalisk  
  37  15:58  Hatchery  
  37  16:01  Hatchery  
  18  16:24  Zergling x2  
  18  16:25  Zergling x2  
    18:45  Drone x3  
Show
View Real Time Build Order
Export as new Build Order

MonstroTown Terran - Winner!

Build Orders: Reaper Expand 

Get SALT Encoding   

  12  0:01  SCV  
  13  0:13  SCV  
  14  0:18  Supply Depot  
  14  0:25  SCV  
  15  0:40  SCV, Barracks  
  16  0:47  Refinery  
  16  0:54  SCV  
  17  1:06  SCV  
  18  1:18  SCV  
  19  1:30  Orbital Command  
  19  1:31  Reaper  
  20  1:45  Command Center  
  20  1:56  SCV  
  21  2:04  Barracks Reactor  
  21  2:09  Refinery  
  21  2:13  SCV  
  22  2:18  Supply Depot  
  22  2:26  SCV  
  23  2:31  Factory  
  23  2:45  SCV  
  23  2:47  Marine x2  
  25  2:52  Barracks  
  25  2:56  Engineering Bay  
  25  2:58  SCV  
  27  3:02  Orbital Command  
  26  3:11  Marine x2  
  27  3:26  Cyclone  
  29  3:33  SCV x2  
  30  3:35  Marine x2  
  32  3:46  Barracks Tech Lab  
  32  3:52  Marine  
  32  3:54  Marine  
  34  3:56  Terran Infantry Weapons Level 1  
  34  3:58  SCV  
  34  4:00  Starport  
  34  4:02  SCV  
  36  4:05  Supply Depot  
  34  4:29  Marine x2  
  34  4:31  Marauder  
  32  4:32  Factory Tech Lab  
  32  4:37  Medivac  
  32  4:41  Barracks  
  32  4:43  SCV x2  
  32  4:45  Engineering Bay  
  34  4:55  SCV  
  34  4:59  Marine x2  
  39  5:00  Marauder  
  39  5:04  Siege Tank  
  39  5:05  Liberator  
  42  5:14  Refinery, SCV x2  
  44  5:23  Marine  
  44  5:26  SCV  
  49  5:35  Marine  
  50  5:36  Marauder  
  52  5:45  Marine  
  53  5:53  Marine  
  53  5:57  Marine  
  52  6:03  Marine  
  52  6:07  Widow Mine  
  52  6:08  Command Center  
  54  6:19  Supply Depot  
  54  6:20  Supply Depot, SCV x2  
  54  6:22  Starport Reactor  
  54  6:23  Terran Infantry Armor Level 1  
  56  6:27  Armory  
  56  6:29  Barracks Reactor  
  56  6:38  Marine  
  56  6:39  Marine  
  58  6:41  Marauder  
  60  6:56  Marine x2  
  62  7:09  Marine x3  
  62  7:14  Marine  
  46  7:23  Liberator  
  46  7:26  SCV  
  46  7:27  Marauder, Supply Depot, SCV  
  46  7:29  Supply Depot  
  51  7:30  Planetary Fortress  
  51  7:35  Bunker  
  50  7:38  Marine x3  
  50  7:39  SCV x2  
  58  7:53  Siege Tank  
  61  8:00  Stimpack  
  61  8:03  Missile Turret  
  61  8:10  Supply Depot  
  61  8:11  SCV x3  
  64  8:14  Marine x2  
  64  8:15  Marine x2  
  68  8:21  Refinery  
  68  8:23  SCV  
  68  8:24  SCV  
  68  8:25  SCV  
  71  8:27  Marine  
  72  8:35  SCV  
  72  8:36  Barracks  
  72  8:37  Marine x2  
  72  8:38  Marine  
  72  8:39  Barracks  
  72  8:40  Medivac  
  72  8:41  Starport, Barracks  
  78  8:45  Refinery x2  
  78  8:46  Barracks  
  78  8:51  SCV x3  
  81  8:59  Supply Depot  
  81  9:03  SCV  
  81  9:05  Marine x4  
  81  9:06  Marauder  
  81  9:08  Siege Tank  
  91  9:14  Medivac x2  
  95  9:20  SCV x3  
  95  9:23  Starport Tech Lab, Marine  
  99  9:30  Barracks Reactor  
  99  9:32  Barracks Tech Lab, SCV, Barracks Reactor  
  99  9:34  Barracks Reactor  
  99  9:36  Marine x2  
  102  9:41  Supply Depot  
  102  9:58  Siege Tank  
  105  10:00  Combat Shield, Marine x2  
  105  10:01  Marine x2  
  105  10:05  Missile Turret  
  105  10:06  Missile Turret  
  99  10:09  Missile Turret x2  
  99  10:11  Marine x3  
  99  10:12  Marine x2  
  98  10:17  Marine x3  
  101  10:27  Fusion Core  
  95  10:38  Missile Turret x2  
  95  10:41  Marine x3  
  95  10:42  Marine x3  
  91  10:51  Missile Turret  
  91  10:52  Missile Turret  
  90  11:10  SCV x2  
  90  11:11  SCV  
  93  11:13  Terran Infantry Armor Level 2  
  93  11:14  Terran Infantry Weapons Level 2  
  93  11:17  Marine x7  
  93  11:18  Marine x2  
  102  11:22  SCV  
  103  11:29  SCV x2  
  103  11:31  Supply Depot, Marine  
  103  11:32  Marine x2  
  108  11:36  Supply Depot  
  108  11:46  Marine x2  
  108  11:47  Marine x2  
  107  11:50  SCV x3  
  107  11:52  Marine x2  
  107  11:53  Marine x3  
  117  12:02  SCV  
  117  12:06  Marine x4  
  117  12:07  Marine x3  
  118  12:10  Marine  
  115  12:15  Liberator x2  
  115  12:16  Liberator  
  115  12:21  Marine x3  
  115  12:22  Marine  
  119  12:24  Marine  
  119  12:25  SCV x2  
  119  12:29  Advanced Ballistics  
  98  13:35  Marine x2  
  98  13:36  Marine x6  
  98  13:37  Marine x3  
  91  13:48  Marine  
  85  13:53  Marine x3  
  85  13:54  Marine  
  83  13:57  Marine x6  
  83  13:58  Marine  
  90  14:03  Liberator x2  
  90  14:09  Starport  
  90  14:11  Barracks  
  90  14:13  Barracks  
  90  14:18  Marine x5  
  90  14:20  Barracks  
  90  14:22  Barracks  
  90  14:23  Marine  
  90  14:24  Marine x3  
  105  14:45  Liberator  
  105  14:46  Liberator, Marine x6  
  105  14:47  Marine x5  
  116  14:54  Marine  
  117  15:03  Marine  
  117  15:04  Marine x2  
  107  15:17  Marine  
  96  15:34  Marine  
  96  15:35  Marine x6  
  94  15:36  Marine x5  
  101  15:52  Marine x2, Command Center  
  101  15:53  Marine x4  
  107  15:58  Marine x2  
  107  15:59  Marine x4  
  113  16:22  Liberator x2  
  113  16:35  Marine x4  
  113  16:36  Marine x6  
  113  16:37  Marine x2  
  128  16:53  Marine  
  90  17:23  Liberator x2  
  90  17:24  Liberator  
  90  17:28  Marine x4  
  90  17:29  Marine x5  
  99  17:39  Marine x3  
  111  17:46  Marine  
  112  17:59  Marine x6  
  112  18:00  Marine x4  
  110  18:17  Terran Infantry Armor Level 3, Terran Infantry Weapons Level 3  
  86  18:39  Liberator x3  
  86  18:54  Marine  
  86  18:55  Marine x2  
  89  19:02  Refinery x2  
  75  19:23  Marine x2  
  75  19:24  Marine x3  
  77  19:25  Liberator x3, Marine x4  
  77  19:26  Marauder  
  95  19:50  Liberator, Marine x2  
  95  19:51  Marine x5  
  95  19:52  Marine x5  
  107  20:08  Marine x2  
  107  20:09  Marine x6  
  107  20:10  Marine  
  116  20:16  Barracks Reactor  
  116  20:17  Barracks Reactor  
  116  20:18  Barracks Reactor  
  116  20:28  Marine x6  
  118  20:29  Marine x3  
  125  20:46  Command Center  
Show
View Real Time Build Order
Export as new Build Order

Michael Zerg - Winner!

Build Orders: Hatch First 

Get SALT Encoding   

  12  0:01  Drone  
  13  0:12  Overlord  
  13  0:18  Drone  
  14  0:31  Drone x2  
  14  0:34  Drone  
  17  0:45  Drone  
  18  1:00  Drone  
  18  1:01  Hatchery  
  18  1:05  Extractor  
  17  1:16  Spawning Pool  
  16  1:19  Drone  
  16  1:22  Drone  
  18  1:29  Drone  
  19  1:39  Drone  
  20  1:49  Overlord  
  20  2:03  Queen  
  20  2:07  Metabolic Boost  
  22  2:12  Queen  
  22  2:14  Zergling x4  
  26  2:20  Zergling x2  
  26  2:22  Drone  
  28  2:24  Drone  
  29  2:32  Drone  
  29  2:34  Drone  
  31  2:48  Spine Crawler  
  30  2:51  Spine Crawler  
  28  3:07  Zergling x12  
  34  3:15  Queen  
  36  3:56  Overlord  
  36  3:57  Overlord x2  
  36  4:00  Lair  
  36  4:06  Extractor, Roach Warren  
  36  4:07  Drone x3, Evolution Chamber  
  36  4:09  Drone  
  31  4:18  Zergling x8  
  29  4:46  Roach x2  
  29  4:47  Roach x4  
  41  4:57  Glial Reconstitution  
  40  5:01  Drone x2  
  42  5:09  Zerg Ground Armor Level 1  
  42  5:13  Drone x2  
  42  5:14  Drone  
  45  5:17  Drone  
  45  5:20  Drone  
  47  5:26  Spore Crawler  
  46  5:31  Spore Crawler  
  45  5:42  Drone x5  
  50  5:57  Roach x4  
  58  6:04  Hydralisk Den  
  58  6:05  Drone  
  58  6:07  Drone  
  58  6:10  Drone  
  60  6:16  Overlord  
  60  6:18  Overlord  
  60  6:45  Hydralisk x2  
  60  6:46  Hydralisk  
  66  6:54  Hatchery  
  66  6:55  Muscular Augments  
  59  7:03  Zerg Missile Weapons Level 1  
  57  7:10  Roach x3  
  57  7:13  Roach  
  65  7:27  Roach x3  
  59  7:39  Roach x2  
  59  7:41  Zergling x6  
  66  7:47  Extractor  
  66  7:48  Drone  
  66  7:49  Extractor  
  66  7:50  Drone  
  66  8:01  Roach  
  66  8:03  Overlord  
  68  8:07  Grooved Spines  
  68  8:12  Queen  
  68  8:15  Drone  
  68  8:17  Drone x3  
  68  8:19  Overlord x2  
  74  8:22  Drone x4  
  78  8:28  Drone  
  79  8:34  Drone  
  80  8:43  Drone  
  80  8:44  Drone  
  82  8:49  Spore Crawler  
  82  8:51  Spine Crawler  
  82  8:53  Spine Crawler  
  82  8:54  Hydralisk  
  82  8:55  Hydralisk x4  
  89  9:02  Zerg Missile Weapons Level 2  
  89  9:11  Infestation Pit  
  89  9:14  Drone  
  89  9:18  Drone  
  89  9:50  Overlord x6  
  89  9:51  Overlord x2  
  89  9:52  Overlord x2  
  89  10:12  Spore Crawler  
  88  10:15  Spore Crawler  
  88  10:17  Spore Crawler  
  88  10:18  Drone x3  
  88  10:19  Spore Crawler  
  88  10:25  Spore Crawler  
  87  10:29  Spore Crawler  
  87  10:30  Spore Crawler  
  87  10:32  Hydralisk x7  
  87  10:35  Hydralisk  
  95  11:00  Hydralisk x3  
  95  11:01  Hydralisk x4  
  109  11:17  Infestation Pit, Hydralisk  
  110  11:18  Zerg Ground Armor Level 2  
  110  11:20  Zergling x2  
  107  11:34  Roach x4  
  107  11:35  Roach  
  117  11:46  Overlord  
  117  11:47  Overlord x2  
  84  12:11  Hydralisk x6  
  93  12:17  Hydralisk  
  87  12:30  Spore Crawler  
  87  12:32  Spine Crawler  
  83  12:39  Spine Crawler  
  83  12:40  Hydralisk  
  83  12:41  Spore Crawler  
  57  13:03  Hydralisk x3  
  57  13:11  Hydralisk x2  
  57  13:44  Roach x7  
  71  13:54  Hydralisk x6  
  79  14:03  Hydralisk  
  79  14:04  Hydralisk  
  69  14:23  Hatchery  
  58  14:44  Hydralisk x7  
  58  14:45  Hydralisk x4  
  70  15:00  Hydralisk x2  
  74  15:22  Roach  
  74  15:23  Roach x2  
  52  15:52  Roach x4  
  52  15:53  Roach  
  48  16:06  Queen  
  50  16:14  Hydralisk  
  50  16:16  Zergling x4  
  54  16:25  Hydralisk  
  54  16:29  Zergling x4  
  58  16:59  Drone x11  
  69  17:07  Overseer x3  
  69  17:15  Zergling x4  
  63  17:36  Hydralisk x4  
  67  17:38  Zergling x4  
  69  17:55  Hydralisk x4  
  77  18:04  Hydralisk x3  
  67  18:20  Roach x5  
  77  18:27  Hive  
  77  18:41  Hatchery  
  76  18:51  Hatchery  
  75  19:21  Spire  
  74  19:33  Zergling x18  
  83  19:41  Roach x9  
  101  20:02  Hydralisk x5  
  111  20:14  Hydralisk x3  
  107  20:16  Zergling x2  
  114  20:25  Zergling x8  
  118  20:35  Zergling x2  
  118  20:36  Zergling x8  
  118  20:37  Zergling x2  
Tags
 
Add a new tag
Caveats
  • Supply blocks, unpowered buildings, or Contaminate may cause inaccurate times.
  • Supply counts are checked every 10 seconds.